 Dungeon Crawl Stone Soup version 0.29.1-12-g30fa7ad0bf (webtiles) character file.

Game seed: 18112235151701294642

85495 LustLizard the Impassioned (level 15, -12/115 HPs)
             Began as a Merfolk Gladiator on Jan 17, 2023.
             Was a Follower of Uskayaw.
             Mangled by Rupert
             ... wielding a +0 vorpal great mace
              (28 damage)
             ... on level 1 of the Orcish Mines.
             The game lasted 01:10:35 (30068 turns).

LustLizard the Impassioned (Merfolk Gladiator)     Turns: 30068, Time: 01:10:36

Health: -12/115    AC: 29    Str: 15    XL:     15   Next: 84%
Magic:  26/28      EV:  4    Int:  9    God:    Uskayaw [*.....]
Gold:   1969       SH:  0    Dex: 21    Spells: 14/14 levels left

rFire   . . .      SeeInvis .   x - +7 quick blade (elec)
rCold   + . .      Faith    .   (no shield)
rNeg    . . .      Spirit   .   I - +3 crystal plate armour {rC+}
rPois   .          Reflect  .   r - +2 helmet of Pessimism {Stlth+}
rElec   .          Harm     .   a - scarf {+Inv}
rCorr   .          Rampage  .   (no gloves)
Will    +....                   Y - +0 pair of boots
Stlth   ..........              (no amulet)
HPRegen 0.29/turn               C - +4 ring of protection
MPRegen 0.21/turn               M - +4 ring of protection

@: hasted, very quick
A: (nimble swimmer 2), mertail
a: Renounce Religion, Evoke Invisibility, Stomp


You were on level 1 of the Orcish Mines.
You worshipped Uskayaw.
Uskayaw was most pleased with you.
You visited 3 branches of the dungeon, and saw 21 of its levels.
You also visited: Ice Cave.

You collected 2029 gold pieces.
You spent 60 gold pieces at shops.

Inventory:

Hand Weapons
 x - a +7 quick blade of electrocution (weapon)
 W - a +2 rapier of venom
Missiles
 d - 4 throwing nets
 e - a javelin
 p - 6 boomerangs
 B - 33 poisoned darts
 Q - a curare-tipped dart
Armour
 a - a scarf of invisibility (worn)
 r - the +2 helmet of Pessimism (worn) {Stlth+}
   (You took it off Robin on level 2 of the Dungeon)

   Stlth:     It makes you more stealthy.
 I - a +3 crystal plate armour of cold resistance (worn)
 O - the +0 leather armour of Insatiable Hunger {*Corrode rC+++ Dex+3 Stlth-}
   (You found it on level 8 of the Dungeon)

   Dex:       It affects your dexterity (+3).
   rC:        It renders you almost immune to cold.
   *Corrode:  It may corrode you when you take damage.
   Stlth:     It makes you less stealthy.
 Y - a +0 pair of boots (worn)
Jewellery
 i - a ring "Idytorchy" {rElec rF++ Will- Int+6 SInv}
   (You acquired it on level 9 of the Dungeon)

   [ring of intelligence]

   Int:       It affects your intelligence (+6).
   rF:        It greatly protects you from fire.
   rElec:     It insulates you from electricity.
   SInv:      It lets you see invisible.
   Will:      It decreases your willpower.
 t - a ring of resist corrosion
 y - a +4 ring of evasion
 A - a ring of poison resistance
 C - a +4 ring of protection (left hand)
 E - a ring of protection from fire
 M - a +4 ring of protection (right hand)
Wands
 j - a wand of light (5)
 u - a wand of digging (14)
 H - a wand of mindburst (27)
 J - a wand of flame (39)
 T - a wand of paralysis (5) (quivered)
 V - a wand of roots (10)
Scrolls
 b - a scroll of fear
 n - 4 scrolls of immolation
 F - 5 scrolls of amnesia
 G - a scroll of poison
 K - 2 scrolls of vulnerability
 P - a scroll of teleportation
 R - a scroll of torment {unknown}
 S - 2 scrolls of butterflies {unknown}
 U - 5 scrolls of noise
Potions
 c - 4 potions of might
 f - 5 potions of curing
 g - 3 potions of brilliance
 h - 3 potions of flight
 k - 3 potions of ambrosia
 l - 3 potions of heal wounds
 q - 3 potions of attraction {unknown}
 s - 2 potions of resistance
 v - 2 potions of berserk rage
 w - 4 potions of lignification
 z - 3 potions of mutation
 D - 4 potions of cancellation
 L - 3 potions of invisibility
Miscellaneous
 m - a tin of tremorstones (2/2)
 o - a condenser vane
 Z - a box of beasts


   Skills:
 - Level 10.0 Fighting
 - Level 14.2 Short Blades
 - Level 2.0 Throwing
 * Level 1.2 Armour
 + Level 14.8 Dodging
 - Level 13.2 Stealth
 * Level 18.0 Invocations
 + Level 7.1 Evocations


You had 14 spell levels left.
You didn't know any spells.
Your spell library contained the following spells:

 Spells                   Type           Power      Damage    Failure   Level
 Apportation              Tloc           0%         N/A       100%        1
 Foxfire                  Conj/Fire      0%         2x1d4     100%        1
 Necrotise                Necr           0%         1d4       100%        1
 Sandblast                Erth           0%         2d4       100%        1
 Slow                     Hex            0%         N/A       100%        1
 Summon Small Mammal      Summ           0%         N/A       100%        1
 Ensorcelled Hibernation  Hex/Ice        0%         N/A       100%        2
 Passwall                 Tmut/Erth      0%         N/A       100%        2
 Poisonous Vapours        Pois/Air       0%         N/A       100%        2
 Sublimation of Blood     Necr           0%         N/A       100%        2
 Wereblood                Tmut           0%         N/A       100%        2
 Call Canine Familiar     Summ           0%         N/A       100%        3
 Confusing Touch          Hex            0%         N/A       100%        3
 Conjure Flame            Conj/Fire      0%         6-21      100%        3
 Inner Flame              Hex/Fire       0%         N/A       100%        3
 Stone Arrow              Conj/Erth      0%         3d7       100%        3
 Summon Guardian Golem    Hex/Summ       0%         N/A       100%        3
 Swiftness                Air            0%         N/A       100%        3
 Vampiric Draining        Necr           0%         2d6       100%        3
 Animate Dead             Necr           0%         N/A       100%        4
 Corpse Rot               Necr/Pois/Air  0%         N/A       100%        4
 Dispel Undead            Necr           0%         3d6       100%        4
 Flame Wave               Conj/Fire      0%         2d4       100%        4
 Summon Lightning Spire   Summ/Air       0%         N/A       100%        4
 Agony                    Necr           0%         N/A       100%        5
 Freezing Cloud           Conj/Ice/Air   0%         6-21      100%        5
 Death Channel            Necr           0%         N/A       100%        6
 Simulacrum               Ice/Necr       0%         N/A       100%        6
 Haunt                    Necr/Summ      0%         N/A       100%        7
 Spellforged Servitor     Conj/Summ      0%         N/A       100%        7
 Summon Hydra             Summ           0%         N/A       100%        7
 Infestation              Necr           0%         N/A       100%        8
 Polar Vortex             Ice            0%         N/A       100%        9


Dungeon Overview and Level Annotations

Branches:
Dungeon (14/15)            Temple (0/1) D:5            Lair (5/5) D:9
 Shoals (0/4) Lair:3        Snake (0/4) Lair:3        Slime (0/5) Lair:4
    Orc (2/2) D:12         Vaults (0/5) D:13          IceCv (visited)
    Elf: Orc:2

Altars:
Cheibriados
Dithmenos
Fedhas
Trog
Uskayaw
Xom
Yredelemnul
Jiyva

Shops:
D:6 :(*   D:13 ?:(

Annotations:
D:7 2 transporters
Lair:4 1 runed translucent door
Orc:1 Rupert


Innate Abilities, Weirdness & Mutations

((You are very nimble when in or above water. (Stealth+, EV+, Speed+++)))
Your lower body shifts to a powerful aquatic tail in water.


Message History

Rupert looks as sick as possible!
You stomp with the beat, sending a shockwave through the revellers around you!
Flame seeps out of the warg.
The warg is almost dead.
Flame seeps out of Rupert.
Rupert is moderately wounded.
You can no longer stomp with the beat.
Flame seeps out of Rupert.
The warg bites you but does no damage.
Rupert looks as sick as possible!
Rupert hits you with a +0 vorpal great mace!!
The orc throws a silver boomerang.
The silver boomerang barely misses you. The warg bites you!
You can now stomp with the beat.
You hit the warg.
The warg explodes!
The fiery explosion engulfs Rupert!!
Flame seeps out of Rupert.
Rupert is heavily wounded.
The fiery explosion engulfs you!!
You are engulfed in blazing flames.
You hear a shout! x2
Rupert looks as sick as possible!
Rupert hits you but does no damage.
Really walk into that cloud of poison gas?
Okay, then.
You are engulfed in blazing flames.
Flame seeps out of Rupert.
The orc throws a silver boomerang.
The silver boomerang hits you but does no damage.
Rupert is engulfed in poison gas.
Rupert looks as sick as possible!
Flame seeps out of Rupert.
Rupert hits you with a +0 vorpal great mace!!
* * * LOW HITPOINT WARNING * * *
x2 You climb upwards.
There is a stone staircase leading down here.
Okay, then.
Okay, then.
You feel yourself speed up.
Flame seeps out of Rupert.
Rupert is engulfed in blazing flames.
Flame seeps out of Rupert.
Rupert hits you with a +0 vorpal great mace!
* * * LOW HITPOINT WARNING * * *
x2 Rupert is engulfed in blazing flames.
Flame seeps out of Rupert.
Rupert hits you with a +0 vorpal great mace!!
You die...

######.....#...)......##.##
##.#.#.....##...........###
#.....#.#.###..........##
#....####..#...รท....[...#
##.##.##....#...........##
##.#....#....#.....).....#
#............#....[.###.##
##.......#....@...[######
#..............@...[...##
#.......................##
##....#..#...............#
##...............#.....##
#.....................##
##.....#..#..........##
##.......##..........##
##......#.......##....##
#......#.......###.....#


You could see Rupert (berserk, inner flame, extremely poisoned).

Vanquished Creatures
  Gastronok (Lair:2)
  A frost giant (IceCv)
  The ghost of RapScallion the Impaler, a journeyman HOFi of Trog (Lair:5)
  3 dire elephants (Lair:5)
  Josephine (Lair:3)
  8 hydras
  Fannar (Orc:1)
  Erolcha (D:13)
  A vault guard (D:13)
  2 boulder beetles (D:11)
  A two-headed ogre (D:8)
  Erica (D:8)
  3 centaur warriors
  16 death yaks
  A spectral dire elephant (Lair:5)
  The ghost of Qocs the Destroyer, a journeyman DECj of Hepliaklqana (Lair:1)
  2 skeletal warriors (D:12)
  A spectral anaconda (Lair:5)
  3 necromancers (Lair:5)
  An obsidian statue (Lair:5)
  Pikel (D:7)
  4 ugly things
  An orc sorcerer (Orc:1)
  2 wolf spiders (Lair:4)
  An oklob plant (Lair:5)
  A cyclops (D:11)
  13 elephants
  An ice statue (IceCv)
  12 black mambas
  Joseph (D:7)
  A gargoyle (D:10)
  A torpor snail (Lair:2)
  A guardian serpent (shapeshifter) (D:11)
  Psyche (D:12)
  12 cane toads
  A rime drake (Lair:5)
  A dire elephant skeleton (Lair:5)
  An unseen horror (D:12)
  9 komodo dragons
  A yaktaur (D:13)
  A queen bee (Lair:5)
  2 meliai (Lair:5)
  14 polar bears
  5 trolls
  A wolf spider simulacrum (D:13)
  Grinder (D:6)
  2 hornets (Lair:5)
  5 dream sheep (Lair:5)
  11 blink frogs (Lair:5)
  5 centaur simulacra (D:13)
  2 spectral elephants (Lair:5)
  2 dire elephant simulacra (Lair:5)
  3 shadows
  14 flying skulls (D:12)
  45 yaks
  6 wraiths
  4 vampires
  2 basilisks
  2 wyverns
  A death yak simulacrum (Lair:5)
  10 vampire mosquitoes
  3 spectral cane toads (Lair:5)
  6 acid dragons
  2 steam dragons (D:8)
  6 wargs
  Menkaure (D:5)
  13 water moccasins
  10 orc warriors
  3 ice beasts
  An elephant zombie (Lair:5)
  2 black bears
  9 centaurs
  2 ogres
  31 wolves
  2 elephant skeletons (Lair:5)
  4 lemures (D:7)
  2 phantoms
  A kobold brigand (D:9)
  10 bullfrogs
  3 necrophages
  4 cane toad simulacra (Lair:5)
  A gnoll sergeant (D:5)
  A wight (D:8)
  3 elephant simulacra (Lair:5)
  11 killer bees
  7 howler monkeys
  An electric eel (D:13)
  3 hounds
  3 jellies
  A gnoll bouda (D:4)
  8 orc priests
  4 iguanas
  16 orc wizards
  Robin (D:2)
  9 gnolls
  3 adders
  2 shadow imps (D:8)
  4 white imps
  3 ufetubi
  2 worms (D:3)
  3 dart slugs
  63 orcs
  6 ball pythons
  8 bats
  8 endoplasms
  2 giant cockroaches
  8 hobgoblins
  8 jackals
  6 quokkas
  2 frilled lizards
  14 goblins
  16 kobolds
  8 rats
604 creatures vanquished.

Vanquished Creatures (collateral kills)
  A death yak (IceCv)
  A troll (D:10)
  A hornet (D:10)
3 creatures vanquished.

Vanquished Creatures (others)
  28 fungi
  31 plants
  14 withered plants (Lair:5)
73 creatures vanquished.

Grand Total: 680 creatures vanquished

Notes
Turn   | Place    | Note
-------+----------+-------------------------------------------
     0 | D:1      | LustLizard the Merfolk Gladiator began the quest for the
                  | Orb.
     0 | D:1      | Reached XP level 1. HP: 16/16 MP: 1/1
   312 | D:1      | Reached XP level 2. HP: 6/23 MP: 2/2
   791 | D:1      | Reached skill level 1 in Stealth
   877 | D:1      | Reached XP level 3. HP: 22/28 MP: 3/3
  1554 | D:2      | Reached skill level 5 in Short Blades
  1554 | D:2      | Reached XP level 4. HP: 21/35 MP: 4/4
  1677 | D:2      | Found a shadowy altar of Dithmenos.
  1684 | D:2      | Identified the +2 helmet of Pessimism {Stlth+}
  1684 | D:2      | Noticed Robin
  2151 | D:2      | Killed Robin
  2152 | D:2      | Reached XP level 5. HP: 23/41 MP: 5/5
  2902 | D:3      | Reached XP level 6. HP: 32/47 MP: 6/6
  3317 | D:3      | Noticed a +0 dagger
  3318 | D:3      | Found a hide-covered altar of Uskayaw.
  3319 | D:3      | Noticed a +0 dagger
  3328 | D:3      | Became a worshipper of Uskayaw the Reveller
  3357 | D:3      | Reached * piety under Uskayaw
  3506 | D:3      | Reached ** piety under Uskayaw
  3741 | D:4      | Reached skill level 1 in Invocations
  3951 | D:4      | Reached skill level 2 in Invocations
  3951 | D:4      | Reached XP level 7. HP: 52/52 MP: 8/8
  4345 | D:4      | Reached skill level 3 in Invocations
  4528 | D:5      | Entered Level 5 of the Dungeon
  4611 | D:5      | Reached skill level 4 in Invocations
  4762 | D:5      | Found a staircase to the Ecumenical Temple.
  5108 | D:5      | Reached XP level 8. HP: 28/58 MP: 11/11
  5127 | D:5      | Reached skill level 5 in Invocations
  5794 | D:5      | Noticed Menkaure
  5810 | D:5      | Killed Menkaure
  5811 | D:5      | Reached skill level 10 in Short Blades
  5811 | D:5      | Reached skill level 6 in Invocations
  6271 | D:6      | Found Boseen's Assorted Antiques.
  6345 | D:6      | Bought a scroll labelled KIOHIE RIZXE for 30 gold pieces
  6345 | D:6      | Bought a scroll labelled NINNID XIFROE for 30 gold pieces
  6463 | D:6      | Noticed Grinder
  6493 | D:6      | Killed Grinder
  6795 | D:6      | Found Xozeg's Book Boutique.
  6843 | D:6      | Reached XP level 9. HP: 55/64 MP: 14/14
  6923 | D:6      | Found Lemupnei's Antique Weapon Shop.
  7195 | D:6      | Reached skill level 7 in Invocations
  7644 | D:7      | Noticed a troll
  7645 | D:7      | Found a bloodstained altar of Trog.
  7645 | D:7      | Noticed a catoblepas
  7646 | D:7      | Found a blossoming altar of Fedhas.
  7646 | D:7      | Found a basalt altar of Yredelemnul.
  7646 | D:7      | Found a transporter.
  7666 | D:7      | Noticed Joseph
  7670 | D:7      | Killed Joseph
  7830 | D:7      | Noticed Pikel
  7840 | D:7      | Reached *** piety under Uskayaw
  7852 | D:7      | Reached **** piety under Uskayaw
  7858 | D:7      | Reached ***** piety under Uskayaw
  7871 | D:7      | Killed Pikel
  7872 | D:7      | Reached skill level 5 in Dodging
  8210 | D:7      | Noticed a gargoyle
  8213 | D:7      | Found a transporter.
  8510 | D:8      | Noticed a two-headed ogre
  8518 | D:8      | Killed a two-headed ogre
  8519 | D:8      | Reached skill level 8 in Invocations
  8519 | D:8      | Reached XP level 10. HP: 73/73 MP: 14/16
  8586 | D:8      | Noticed Erica
  8603 | D:8      | Killed Erica
  8604 | D:8      | Reached skill level 5 in Fighting
  8854 | D:8      | Identified the +0 leather armour of Insatiable Hunger
                  | {*Corrode rC+++ Dex+3 Stlth-}
  8874 | D:8      | Noticed a white ugly thing
  8928 | D:9      | Reached skill level 9 in Invocations
  9037 | D:9      | Reached skill level 5 in Stealth
  9095 | D:9      | Identified the +1 battleaxe "Egeinun" {antimagic, SInv}
 10343 | D:8      | Killed a white ugly thing
 10346 | D:8      | Reached skill level 10 in Invocations
 10346 | D:8      | Reached XP level 11. HP: 81/81 MP: 18/18
 10727 | D:9      | Identified 2 scrolls of acquirement
 10727 | D:9      | Acquired a ring "Idytorchy" {rElec rF++ Will- Int+6 SInv}
 10754 | D:9      | Found a staircase to the Lair.
 10858 | D:10     | Entered Level 10 of the Dungeon
 10952 | D:10     | Paralysed by a hornet for 2 turns
 12235 | D:11     | Noticed a boulder beetle
 12249 | D:11     | Noticed a cyclops
 12252 | D:11     | Killed a boulder beetle
 12562 | D:11     | Killed a cyclops
 12563 | D:11     | Reached skill level 11 in Invocations
 12584 | D:11     | Found a frozen archway.
 12603 | IceCv    | Entered an ice cave
 12887 | IceCv    | Reached ****** piety under Uskayaw
 13124 | IceCv    | Reached XP level 12. HP: 87/91 MP: 20/20
 13386 | IceCv    | Reached skill level 12 in Invocations
 13400 | IceCv    | Noticed a death yak
 13429 | IceCv    | Noticed a death yak
 13437 | IceCv    | Noticed a death yak
 13443 | IceCv    | Killed a death yak
 13445 | IceCv    | Killed a death yak
 13465 | IceCv    | Noticed a death yak
 13465 | IceCv    | Noticed a frost giant
 13478 | IceCv    | Noticed a death yak
 13478 | IceCv    | Noticed a death yak
 13500 | IceCv    | Killed a death yak
 13525 | IceCv    | Killed a death yak
 13803 | IceCv    | Killed a frost giant
 13804 | IceCv    | Reached skill level 10 in Dodging
 14049 | IceCv    | Killed a death yak
 14082 | IceCv    | Killed a death yak
 14083 | IceCv    | Reached skill level 13 in Invocations
 15145 | D:11     | Found a shimmering altar of Xom.
 15663 | D:11     | Noticed a boulder beetle
 15681 | D:11     | Killed a boulder beetle
 15682 | D:11     | Reached XP level 13. HP: 75/100 MP: 23/23
 16013 | Lair:1   | Entered Level 1 of the Lair of Beasts
 16512 | Lair:1   | Found a runed translucent door.
 16671 | Lair:1   | Noticed Qocs's ghost (journeyman DECj)
 16707 | Lair:1   | Killed Qocs's ghost
 16709 | Lair:1   | Got the Anthology of the United Wind
 17360 | Lair:2   | Reached skill level 14 in Invocations
 17361 | Lair:2   | Noticed Gastronok
 17410 | Lair:2   | Killed Gastronok
 17413 | Lair:2   | Reached skill level 10 in Stealth
 18305 | Lair:3   | Noticed Josephine
 18371 | Lair:3   | Killed Josephine
 18830 | Lair:3   | Reached skill level 10 in Fighting
 19321 | Lair:3   | Reached skill level 1 in Evocations
 19577 | Lair:3   | Found a staircase to the Snake Pit.
 19634 | Lair:3   | Reached skill level 15 in Invocations
 19679 | Lair:3   | Reached XP level 14. HP: 88/110 MP: 25/25
 21189 | Lair:3   | Found a staircase to the Shoals.
 21932 | Lair:3   | Acquired a +5 quick blade
 22236 | Lair:4   | Found a runed translucent door.
 22237 | Lair:4   | Found a viscous altar of Jiyva.
 22237 | Lair:4   | Noticed an acid blob
 22239 | Lair:4   | Found a staircase to the Slime Pits.
 23261 | Lair:5   | Entered Level 5 of the Lair of Beasts
 23306 | Lair:5   | Noticed RapScallion's ghost (journeyman HOFi)
 23308 | Lair:5   | Found a transporter.
 23310 | Lair:5   | Found a transporter.
 23457 | Lair:5   | Reached skill level 16 in Invocations
 23748 | Lair:5   | Found a snail-covered altar of Cheibriados.
 24204 | Lair:5   | Noticed a dire elephant
 24204 | Lair:5   | Noticed a dire elephant
 24221 | Lair:5   | Noticed a dire elephant
 24251 | Lair:5   | Killed a dire elephant
 24554 | Lair:5   | Reached skill level 5 in Evocations
 24720 | Lair:5   | Reached XP level 15. HP: 42/115 MP: 17/27
 25196 | Lair:5   | Reached skill level 17 in Invocations
 25612 | Lair:5   | Killed RapScallion's ghost
 26493 | D:12     | Found a staircase to the Orcish Mines.
 26716 | D:12     | Noticed Psyche
 26722 | D:12     | Killed Psyche
 26957 | D:12     | Found the +3 giant club "Skullcrusher" {speed, Str+7}
 27952 | D:13     | Found Soffyohu's Weapon Emporium.
 28389 | D:13     | Noticed Erolcha
 28397 | D:13     | Killed Erolcha
 28712 | D:13     | Found Liho Son's Magic Scroll Shop.
 28746 | D:13     | Found Titoraeh's Book Shop.
 28873 | D:13     | Found a gate to the Vaults.
 29376 | Orc:1    | Entered Level 1 of the Orcish Mines
 29453 | Orc:1    | Reached skill level 1 in Armour
 29453 | Orc:1    | Reached skill level 18 in Invocations
 29686 | Orc:1    | Noticed Fannar
 29716 | Orc:1    | Killed Fannar
 30052 | Orc:2    | Entered Level 2 of the Orcish Mines
 30052 | Orc:2    | Noticed Rupert
 30054 | Orc:2    | Paralysed by Rupert for 5 turns
 30068 | Orc:1    | Mangled by Rupert

Illustrated notes

Levels and vault maps discovered:
D:1:      lemuel_arrival_river_bridge, layout_loops_cross
D:2:      cheibrodos_pilgrimage, layout_rooms, basic_altar,
          minmay_pentomino_pile, uniq_robin
D:3:      layout_basic, dancing_weapons_uskayaw
D:4:      layout_loops_ring, chequers_serial_rivers_room_b, nrook_campfire,
          minivault_27
D:5:      layout_loops_corners, minmay_temple_entry_sparse_star,
          grunt_ministairs_13, kennysheep_cross_bottleneck, minmay_holes,
          grunt_decor_mini_mirrors, uniq_menkaure
D:6:      layout_basic, serial_shops, nicolae_shop_statue_plus,
          nicolae_lakefront_shop, nicolae_diamond_shop, uniq_grinder
D:7:      layout_gridville, gammafunk_temple_overflow_arena, uniq_pikel,
          uniq_joseph
D:8:      layout_rooms, dreamdust_wishing_well, minmay_joined_circles,
          uniq_erica
D:9:      layout_rooms, erik_lair_orcish_takeover
D:10:     layout_cave_pods
D:11:     kennysheep_spiral_hall, layout_rooms, portal_ice_cave_entry_pillars_1,
          nicolae_benzene_ring, tgw_xom
D:12:     layout_stronghold, orc_0_dummy, minmay_guarded_unrand_skullcrusher,
          uniq_psyche
D:13:     layout_basic, david_vaults_5, serial_shops, shop_fountains, shop,
          shop_fountains, serial_ice, serial_ice_k, serial_ice_h, serial_ice_m,
          serial_ice_g, uniq_erolcha
D:14:     layout_roguey, hangedman_decor_opposing, enter_trove_1,
          ashenzari_altar_1, uniq_frances
Lair:1:   layout_chaotic_city, ebering_ghost_reflecting_pool,
          serial_bayou_pond_c, serial_bayou_pond_e, st_stairs_8
Lair:2:   layout_chaotic_city, beast_lair_carwin_11, grunt_megastairs_5,
          uniq_gastronok
Lair:3:   layout_regular_city, shoals_dummy_entry,
          minmay_snake_entry_six_corridors, infiniplex_staircase_pool_2,
          uniq_josephine
Lair:4:   layout_misc_corridors, slime_entry_2,
          nicolae_lair_run_with_the_wolves, grunt_megastairs_1
Lair:5:   due_jungle_book, layout_misc_corridors, gammafunk_ghost_hive,
          chequers_serial_rivers_micro_b, lemuel_oklob_altar
Orc:1:    layout_caves, serial_shops, nicolae_diamond_shop, uniq_fannar
Orc:2:    st_orc_congregation, layout_caves, biasface_ghost_orc_armoury,
          uniq_rupert

Skill      XL: |  1  2  3  4  5  6  7  8  9 10 11 12 13 14 15 |
---------------+----------------------------------------------+-----
Short Blades   | 4 5 7 8 9 10 11 12 13 14 | 14.2
Stealth        | 1 2 4 6 7 9 10 12 13 | 13.2
Fighting       | 3 4 6 7 8 10 | 10.0
Invocations    | 2 4 6 8 10 11 13 15 16 18 | 18.0
Dodging        | 5 7 9 10 12 13 14 | 14.8
Evocations     | 2 5 7 |  7.1
Armour         | 1 |  1.2
Throwing       | |  2.0

Action                   |  1- 3 |  4- 6 |  7- 9 | 10-12 | 13-15 || total
-------------------------+-------+-------+-------+-------+-------++-------
Melee: Rapier            |    82 |       |       |   448 |   512 ||  1042
       Punch             |     3 |     1 |     3 |    18 |    35 ||    60
       Dagger            |    15 |   218 |   359 |   316 |       ||   908
       Tailslap          |       |       |       |     5 |    16 ||    21
       Quick blade       |       |       |       |       |  1158 ||  1158
Throw: Dart              |       |       |     8 |     3 |     3 ||    14
       Stone             |       |       |    14 |    14 |       ||    28
       Throwing net      |       |       |       |     2 |       ||     2
       Boomerang         |       |       |       |     2 |    38 ||    40
Invok: Line Pass         |       |     1 |     8 |     1 |     1 ||    11
       Stomp             |       |       |     9 |    32 |    33 ||    74
       Grand Finale      |       |       |       |       |     8 ||     8
Evoke: Wand              |       |       |       |     1 |     7 ||     8
       Box of beasts     |       |       |       |       |     1 ||     1
  Use: Scroll            |       |     2 |    10 |    11 |    14 ||    37
       Potion            |       |       |       |     7 |     3 ||    10
 Stab: Sleeping          |     7 |    13 |    10 |    12 |    17 ||    59
       Distracted        |     2 |       |       |     4 |       ||     6
       Confused          |       |       |     4 |       |     1 ||     5
       Paralysed         |       |       |     1 |    30 |    59 ||    90
       Invisible         |       |       |       |       |     4 ||     4
Armor: Leather armour    |    17 |       |       |    42 |       ||    59
       Ring mail         |     8 |    51 |    71 |   144 |    38 ||   312
       Crystal plate arm |       |       |       |       |   772 ||   772
Dodge: Dodged            |    54 |    84 |   110 |   380 |   193 ||   821
